 Dungeon Crawl Stone Soup version 0.28.0-43-g3370ac3207 (webtiles) character file.

Game seed: 5875140038997826408

54800 boopmooplesden the Sharpshooter (level 14, -3/135 HPs)
             Began as a Minotaur Hunter on Mar 2, 2022.
             Was the Champion of Okawaru.
             Slain by a catoblepas (23 damage)
             ... on level 6 of the Lair of Beasts.
             The game lasted 00:45:57 (19566 turns).

boopmooplesden the Sharpshooter (Minotaur Hunter)  Turns: 19566, Time: 00:45:57

Health: -3/135     AC: 21    Str: 28    XL:     14   Next: 35%
Magic:  14/15      EV: 18    Int:  8    God:    Okawaru [******]
Gold:   710        SH:  0    Dex: 11    Spells: 13/13 levels left

rFire   + . .      SeeInvis .   b - +4 short sword (freeze)
rCold   x . .      Faith    .   (no shield)
rNeg    . . .      Spirit   .   f - +5 steam dragon scales
rPois   .          Reflect  .   U - +2 hat
rElec   .          Harm     .   r - +2 cloak
rCorr   .          Rampage  .   J - +2 pair of gloves
Will    +....                   (no boots)
Stlth   +++++.....              g - amulet of the acrobat
HPRegen 0.32/turn               B - ring of Idealism {Fire *Corrode Str+8 Dex-2 Stlth+}
MPRegen 0.14/turn               (no ring)

@: heroic
A: horns 2, retaliatory headbutt
a: Renounce Religion, Heroism, Finesse, Duel


You were on level 6 of the Lair of Beasts.
You worshipped Okawaru.
Okawaru was exalted by your worship.
You visited 3 branches of the dungeon, and saw 20 of its levels.

You collected 985 gold pieces.
You spent 275 gold pieces at shops.

Inventory:

Hand Weapons
 a - the +6 arbalest of Terra Cotta {elec, +Blink Will- Int-2 Dex+4}
   (You bought it in a shop on level 7 of the Dungeon)

   Any ammunition fired from it occasionally discharges a powerful burst of
   electricity upon striking a foe.
   Int:       It affects your intelligence (-2).
   Dex:       It affects your dexterity (+4).
   +Blink:    It lets you blink.
   Will:      It decreases your willpower.
 b - a +4 short sword of freezing (weapon)
 y - the +5 arbalest of Itoczuph {elec, Stlth+}
   (Okawaru gifted it to you on level 1 of the Lair of Beasts)

   Any ammunition fired from it occasionally discharges a powerful burst of
   electricity upon striking a foe.
   Stlth:     It makes you more stealthy.
 F - a +0 short sword
 V - the +9 whip "Ecrec" {speed, rN+++ rCorr Int-4}
   (You found it on level 11 of the Dungeon)

   Attacks with this weapon are significantly faster.
   Int:       It affects your intelligence (-4).
   rN:        It renders you almost immune to negative energy.
   rCorr:     It protects you from acid and corrosion.
Missiles
 d - 112 bolts
 o - a throwing net
 E - 11 javelins (quivered)
Armour
 f - +5 steam dragon scales (worn)
 r - a +2 cloak (worn)
 v - the +1 robe of Miracles {-Cast rCorr Dex+6 Slay+3}
   (You found it on level 10 of the Dungeon)

   Dex:       It affects your dexterity (+6).
   Slay:      It affects your accuracy & damage with ranged weapons and melee
   (+3).
   -Cast:     It prevents spellcasting.
   rCorr:     It protects you from acid and corrosion.
 A - the +0 cloak of the New World {rF- rN++}
   (Okawaru gifted it to you on level 3 of the Lair of Beasts)

   rF:        It makes you vulnerable to fire.
   rN:        It greatly protects you from negative energy.
 J - a +2 pair of gloves (worn)
 T - a scarf of invisibility
 U - a +2 hat (worn)
Jewellery
 g - an amulet of the acrobat (around neck)
 l - a ring of ice
 m - an amulet of guardian spirit
 n - a ring of magical power
 t - a ring of magical power
 B - the ring of Idealism (left hand) {Fire *Corrode Str+8 Dex-2 Stlth+}
   (You found it on level 3 of the Lair of Beasts)

   [ring of fire]

   It enhances your fire magic.
   Str:       It affects your strength (+8).
   Dex:       It affects your dexterity (-2).
   rF:        It protects you from fire.
   rC:        It makes you vulnerable to cold.
   *Corrode:  It may corrode you when you take damage.
   Stlth:     It makes you more stealthy.
 H - a ring of magical power
 N - an amulet of faith
 W - a ring of ice
 Y - a ring of fire
Wands
 e - a wand of mindburst (15)
 D - a wand of polymorph (19)
 Q - a wand of flame (21)
 R - a wand of acid (8)
Scrolls
 s - 3 scrolls of amnesia
 w - 2 scrolls of brand weapon
 C - 3 scrolls of magic mapping
 I - 4 scrolls of teleportation
 K - a scroll of silence
 M - a scroll of fear
 S - a scroll of fog
 X - a scroll of holy word
Potions
 c - a potion of degeneration
 h - 5 potions of flight
 i - a potion of heal wounds
 j - a potion of lignification
 k - 7 potions of brilliance
 p - a potion of experience
 q - 6 potions of curing
 u - a potion of haste {unknown}
 x - 3 potions of might
 z - 4 potions of mutation
 G - 2 potions of cancellation
 L - a potion of attraction
 O - a potion of berserk rage {unknown}
 P - a potion of magic
 Z - a potion of ambrosia {unknown}


   Skills:
 + Level 15.1(20.1) Fighting
 + Level 8.4(13.6) Short Blades
 + Level 2.9(11.5) Long Blades
 + Level 18.7(23.7) Crossbows
 + Level 1.3(6.3) Throwing
 + Level 4.8(9.8) Armour
 + Level 10.4(15.4) Dodging
 + Level 4.8(9.8) Stealth
 + Level 2.7 Invocations


You had 13 spell levels left.
You didn't know any spells.
Your spell library contained the following spells:

 Spells                   Type           Power      Damage    Failure   Level
 Magic Dart               Conj           0%         1d3       41%         1
 Pain                     Necr           0%         1d4       41%         1
 Shock                    Conj/Air       0%         1d3       41%         1
 Sting                    Tmut/Pois      0%         1d3       41%         1
 Blink                    Tloc           0%         N/A       54%         2
 Poisonous Vapours        Pois/Air       0%         N/A       54%         2
 Scorch                   Fire           0%         2d5       54%         2
 Ignite Poison            Fire/Tmut/Pois 0%         N/A       78%         3
 Mephitic Cloud           Conj/Pois/Air  0%         N/A       78%         3
 Swiftness                Air            0%         N/A       78%         3
 Vampiric Draining        Necr           0%         2d6       78%         3
 Airstrike                Air            0%         N/A       99%         4
 Flame Wave               Conj/Fire      0%         2d4       99%         4
 Olgreb's Toxic Radiance  Pois           0%         N/A       99%         4
 Freezing Cloud           Conj/Ice/Air   0%         6-21      100%        5
 Manifold Assault         Tloc           0%         N/A       100%        5
 Storm Form               Tmut/Air       0%         N/A       100%        7
 Animate Skeleton         Necr           Unusable   N/A       N/A         1
 Call Imp                 Summ           Unusable   N/A       N/A         2
 Summon Cactus Giant      Summ           Unusable   N/A       N/A         6

Dungeon Overview and Level Annotations

Branches:
Dungeon (13/15)            Temple (1/1) D:7            Lair (6/6) D:11
  Swamp (0/4) Lair:3        Snake (0/4) Lair:4        Slime (0/5) Lair:5
    Orc (0/2) D:9
 Vaults: D:13-14

Altars:
Cheibriados
Fedhas
Hepliaklqana
Nemelex Xobeh
Okawaru
Sif Muna
Uskayaw
Jiyva

Shops:
D:1 !   D:7 ((:   D:8 ?!*:*   D:9 [

Portals:
Abyss: D:9

Annotations:
D:6 1 runed translucent door, xzight's ghost, novice GrFi
D:9 2 transporters, 2bobheroes's ghost, novice HOFi
Lair:5 2 transporters, exclusion: oklob plant, Gelunum's ghost, journeyman HOWn


Innate Abilities, Weirdness & Mutations

You have a pair of horns on your head.
You reflexively headbutt those who attack you in melee.


Message History

The death yak gores you!
You gain the combat prowess of a mighty hero.
The catoblepas gores you!!
* * * LOW HITPOINT WARNING * * *
The death yak barely misses you. You furiously retaliate!
You headbutt the death yak! You puncture the death yak!
You freeze the death yak.
You kill the death yak!
Okawaru accepts your kill. The catoblepas misses you.
The catoblepas breathes a plume of calcifying dust at you.
The blast of calcifying dust hits you.
* * * LOW HITPOINT WARNING * * *
The catoblepas gores you but does no damage.
You hit the catoblepas but do no damage.
You headbutt the catoblepas.
The catoblepas is lightly wounded.
You puncture the catoblepas! You freeze the catoblepas.
You headbutt the catoblepas, but do no damage.
The catoblepas is lightly wounded.
The catoblepas completely misses you.
You hit the catoblepas. You freeze the catoblepas.
The catoblepas is lightly wounded.
You puncture the catoblepas! You freeze the catoblepas.
The catoblepas is moderately wounded.
The catoblepas closely misses you. You furiously retaliate!
You headbutt the catoblepas! You completely miss the catoblepas.
The catoblepas is heavily wounded.
You puncture the catoblepas! You freeze the catoblepas.
The catoblepas is severely wounded.
The catoblepas completely misses you.
You hit the catoblepas. You freeze the catoblepas. You headbutt the catoblepas!
You punch the catoblepas, but do no damage.
The catoblepas is severely wounded.
You hit the catoblepas but do no damage.
You punch the catoblepas.
The catoblepas is almost dead.
The catoblepas gores you!!
You die...

.. #### .##. ##. ##..#### .(..
.. ###....#.## .(.# ..#
..#.......# #..## ..##
..........# ### #..# #.(P#
#..#......# ##.### #.###P(.##
#....P....# ##....####.((Y((((#
P..#...#..###...@..##P..((###..#
....###....###§.Y..(#§§P###
....###....# #.†##.....##
.....###.#.# #...###.###
.......#...####...#### ##
............# ##...###..#
............## ##......#
#....P...P...###......##
.#.....#...P.....8......#


You could see a catoblepas.

Vanquished Creatures
  Gastronok (D:12)
  The ghost of Xiemaice the Destroyer, a journeyman DrFE of Vehumet (Lair:3)
  5 hydras
  A catoblepas (Lair:6)
  A two-headed ogre (D:9)
  A tengu warrior (D:9)
  6 death yaks
  Urug (D:12)
  Nergalle (D:12)
  A deep elf pyromancer (D:12)
  Pikel (D:7)
  2 deep elf zephyrmancers (D:9)
  4 manticores
  An oklob plant (Lair:5)
  2 cyclopes (D:11)
  2 black mambas
  9 elephants
  7 cane toads
  A gargoyle (D:12)
  Maggie (D:7)
  An unseen horror (D:11)
  7 rime drakes
  9 komodo dragons
  2 freezing wraiths (D:13)
  A troll (D:11)
  A wolf spider simulacrum (D:10)
  3 hornets
  4 polar bears
  3 slime creatures (D:12)
  12 dream sheep
  24 blink frogs
  3 shadows
  2 wraiths
  2 wyverns
  59 yaks
  5 basilisks
  A steam dragon (Lair:5)
  12 vampire mosquitoes
  Menkaure (D:7)
  A hydra simulacrum (Lair:3)
  An acid dragon (D:12)
  A naga (Lair:4)
  4 ice beasts
  2 orc warriors
  11 water moccasins
  4 sky beasts
  A hornet zombie (D:6)
  A swamp drake (D:9)
  2 black bears
  2 black mamba simulacra (Lair:3)
  2 centaurs
  12 wolves
  A phantom (D:5)
  11 bullfrogs
  A scorpion (D:5)
  A cane toad simulacrum (Lair:3)
  A wyvern skeleton (D:6)
  8 killer bees
  13 wights
  8 howler monkeys
  A centaur zombie (D:10)
  3 electric eels
  A crimson imp (D:9)
  An iron imp (D:9)
  A komodo dragon simulacrum (Lair:3)
  4 hounds
  A jelly (D:6)
  A bullfrog skeleton (D:6)
  4 orc priests
  3 gnoll shamans
  Jessica (D:2)
  3 iguanas
  10 orc wizards
  A centaur simulacrum (D:8)
  A hound zombie (D:4)
  17 gnolls
  9 adders
  A shadow imp (D:9)
  A howler monkey simulacrum (D:8)
  3 white imps
  An ufetubus (D:8)
  2 adder skeletons
  3 worms
  3 dart slugs
  46 orcs
  4 endoplasms
  A giant cockroach (D:4)
  8 hobgoblins
  6 ball pythons
  6 bats
  3 frilled lizards
  7 goblins
  10 kobolds
  5 rats
461 creatures vanquished.

Vanquished Creatures (others)
  14 fungi
  34 plants
  2 withered plants (D:6)
50 creatures vanquished.

Grand Total: 511 creatures vanquished

Notes
Turn   | Place    | Note
-------+----------+-------------------------------------------
     0 | D:1      | boopmooplesden the Minotaur Hunter began the quest for the
                  | Orb.
     0 | D:1      | Reached XP level 1. HP: 18/18 MP: 0/0
   180 | D:1      | Found Puuxipho's Distillery.
   294 | D:1      | Reached XP level 2. HP: 25/25 MP: 1/1
   739 | D:2      | Reached skill level 5 in Crossbows
   940 | D:2      | Found a snail-covered altar of Cheibriados.
   945 | D:2      | Reached XP level 3. HP: 30/30 MP: 2/2
  1050 | D:2      | Noticed Jessica
  1070 | D:2      | Found a faded altar of an unknown god.
  1072 | D:2      | Killed Jessica
  1247 | D:2      | Reached XP level 4. HP: 37/38 MP: 3/3
  1533 | D:3      | Reached skill level 6 in Crossbows
  1533 | D:3      | Reached skill level 1 in Armour
  1592 | D:3      | Found a sparkling altar of Nemelex Xobeh.
  1592 | D:3      | Found a transporter.
  1693 | D:3      | Reached XP level 5. HP: 45/45 MP: 4/4
  1762 | D:3      | Found a faded altar of an unknown god.
  2132 | D:3      | Reached skill level 7 in Crossbows
  2704 | D:4      | Reached XP level 6. HP: 51/51 MP: 5/5
  2739 | D:4      | Reached skill level 1 in Stealth
  3399 | D:5      | Entered Level 5 of the Dungeon
  3534 | D:5      | Reached skill level 8 in Crossbows
  3544 | D:5      | Reached XP level 7. HP: 59/59 MP: 6/6
  4237 | D:5      | Reached skill level 9 in Crossbows
  4507 | D:6      | Reached skill level 5 in Fighting
  4549 | D:6      | HP: 1/61 [hornet zombie (5)]
  4552 | D:6      | Reached XP level 8. HP: 1/68 MP: 7/7
  5123 | D:6      | Reached skill level 1 in Short Blades
  5170 | D:6      | Found a runed translucent door.
  5172 | D:6      | Noticed xzight's ghost (novice GrFi)
  5583 | D:6      | Reached skill level 10 in Crossbows
  6082 | D:7      | Noticed Maggie
  6097 | D:7      | Killed Maggie
  6162 | D:7      | Noticed Pikel
  6186 | D:7      | Killed Pikel
  6187 | D:7      | Reached XP level 9. HP: 53/75 MP: 8/8
  6298 | D:7      | Found Yseadueve's Self-Improvement Boutique.
  6338 | D:7      | Found a staircase to the Ecumenical Temple.
  6345 | Temple   | Entered the Ecumenical Temple
  6419 | Temple   | Became a worshipper of Warmaster Okawaru
  6452 | D:7      | Found Bioss's Antique Weapon Shoppe.
  6459 | D:7      | Reached skill level 11 in Crossbows
  6476 | D:7      | Bought a jewelled arbalest for 275 gold pieces
  6476 | D:7      | Identified the +6 arbalest of Terra Cotta {elec, +Blink
                  | Will- Int-2 Dex+4} (You bought it in a shop on level 7 of
                  | the Dungeon)
  6637 | D:7      | Found Ucwao's Antique Weapon Shop.
  6787 | D:7      | Noticed Menkaure
  6789 | D:7      | Killed Menkaure
  6790 | D:7      | Reached skill level 1 in Long Blades
  7453 | D:8      | Found Zeenecvu's General Store.
  7470 | D:8      | Reached * piety under Okawaru
  7482 | D:8      | Noticed a polar bear
  7488 | D:8      | Killed a polar bear
  7494 | D:8      | Noticed a polar bear
  7499 | D:8      | Killed a polar bear
  7500 | D:8      | Reached skill level 12 in Crossbows
  7799 | D:8      | Found Futoafrung's Book Emporium.
  7923 | D:8      | Reached ** piety under Okawaru
  7924 | D:8      | Reached XP level 10. HP: 84/87 MP: 9/9
  7952 | D:8      | Found Roas Uxzi's Magic Scroll Shoppe.
  7973 | D:8      | Found Nofiu's Distillery.
  8193 | D:8      | Found Heubleag's General Store.
  8225 | D:8      | Noticed a death yak
  8235 | D:8      | Killed a death yak
  8236 | D:8      | Reached skill level 5 in Dodging
  8614 | D:9      | Noticed a tengu warrior
  8621 | D:9      | Killed a tengu warrior
  8622 | D:9      | Reached skill level 13 in Crossbows
  8725 | D:9      | Found Ciasisko's Armour Boutique.
  8743 | D:9      | Found a staircase to the Orcish Mines.
  8822 | D:9      | Reached *** piety under Okawaru
  9173 | D:9      | Found a transporter.
  9202 | D:9      | Noticed a two-headed ogre
  9208 | D:9      | Killed a two-headed ogre
  9252 | D:9      | Found a transporter.
  9259 | D:9      | Noticed 2bobheroes's ghost (novice HOFi)
  9261 | D:9      | Noticed a hell hog
  9263 | D:9      | Noticed an orange demon
  9274 | D:9      | Found a one-way gate to the infinite horrors of the Abyss.
  9327 | D:9      | Reached skill level 14 in Crossbows
  9338 | D:9      | Noticed a deep elf zephyrmancer
  9340 | D:9      | Reached skill level 1 in Throwing
  9346 | D:9      | Killed a deep elf zephyrmancer
  9354 | D:9      | Reached **** piety under Okawaru
  9355 | D:9      | Reached XP level 11. HP: 80/97 MP: 10/10
  9356 | D:9      | Noticed a deep elf zephyrmancer
  9365 | D:9      | Killed a deep elf zephyrmancer
  9465 | D:9      | Reached skill level 1 in Invocations
  9755 | D:10     | Entered Level 10 of the Dungeon
  9821 | D:10     | Received a gift from Okawaru
 10324 | D:10     | Identified the +1 robe of Miracles {-Cast rCorr Dex+6
                  | Slay+3}
 10341 | D:10     | Reached skill level 10 in Fighting
 10726 | D:11     | Reached ***** piety under Okawaru
 10972 | D:11     | Received a gift from Okawaru
 11112 | D:11     | Found a staircase to the Lair.
 11126 | D:11     | Reached skill level 15 in Crossbows
 11142 | D:11     | Noticed a six-headed hydra
 11145 | D:11     | Killed a six-headed hydra
 11218 | D:11     | Received a gift from Okawaru
 11437 | D:11     | Identified the +9 whip "Ecrec" {speed, rN+++ rCorr Int-4}
 11577 | D:11     | Received a gift from Okawaru
 12149 | D:12     | Noticed Urug
 12153 | D:12     | Noticed Gastronok
 12155 | D:12     | Killed Urug
 12155 | D:12     | Received a gift from Okawaru
 12167 | D:12     | Killed Gastronok
 12167 | D:12     | Received a gift from Okawaru
 12168 | D:12     | Reached skill level 16 in Crossbows
 12180 | D:12     | Noticed Nergalle
 12186 | D:12     | Killed Nergalle
 12187 | D:12     | Reached XP level 12. HP: 64/110 MP: 8/11
 12345 | D:12     | You fall into a shaft and drop 1 floor!
 12372 | D:13     | Noticed a death knight
 12965 | D:12     | Noticed a seven-headed hydra
 12969 | D:12     | Killed a seven-headed hydra
 13259 | Lair:1   | Entered Level 1 of the Lair of Beasts
 13261 | Lair:1   | Received a gift from Okawaru
 13746 | Lair:1   | Reached skill level 17 in Crossbows
 13775 | Lair:1   | Identified the +5 arbalest of Itoczuph {elec, Stlth+}
                  | (Okawaru gifted it to you on level 1 of the Lair of Beasts)
 13775 | Lair:1   | Received a gift from Okawaru
 14304 | Lair:2   | Reached ****** piety under Okawaru
 14406 | Lair:2   | Reached skill level 5 in Short Blades
 14699 | Lair:2   | Received a gift from Okawaru
 15272 | Lair:3   | Noticed a five-headed hydra
 15276 | Lair:3   | Killed a five-headed hydra
 15277 | Lair:3   | Reached XP level 13. HP: 119/119 MP: 13/13
 15329 | Lair:3   | Received a gift from Okawaru
 15396 | Lair:3   | Received a gift from Okawaru
 15397 | Lair:3   | Reached skill level 18 in Crossbows
 15416 | Lair:3   | Found a runed translucent gate.
 15416 | Lair:3   | Found a runed translucent gate.
 15416 | Lair:3   | Found a runed translucent gate.
 15482 | Lair:3   | Noticed Xiemaice's ghost (journeyman DrFE)
 15636 | Lair:3   | Found a staircase to the Swamp.
 16509 | Lair:3   | Received a gift from Okawaru
 16551 | Lair:3   | Killed Xiemaice's ghost
 16551 | Lair:3   | Identified the +0 cloak of the New World {rF- rN++}
                  | (Okawaru gifted it to you on level 3 of the Lair of Beasts)
 16551 | Lair:3   | Received a gift from Okawaru
 16607 | Lair:3   | Got the ring of Idealism {Fire *Corrode Str+8 Dex-2 Stlth+}
 17133 | Lair:4   | Found a staircase to the Snake Pit.
 17487 | Lair:5   | Found a transporter.
 17504 | Lair:5   | Noticed Gelunum's ghost (journeyman HOWn)
 18007 | Lair:5   | Found a transporter.
 18145 | Lair:5   | Found a viscous altar of Jiyva.
 18153 | Lair:5   | Found a staircase to the Slime Pits.
 18235 | Lair:5   | Found a blossoming altar of Fedhas.
 18464 | Lair:6   | Entered Level 6 of the Lair of Beasts
 18751 | Lair:6   | Reached XP level 14. HP: 101/133 MP: 14/14
 18768 | Lair:6   | Received a gift from Okawaru
 19197 | Lair:6   | Reached skill level 10 in Dodging
 19467 | Lair:6   | Received a gift from Okawaru
 19507 | Lair:6   | Reached skill level 15 in Fighting
 19516 | Lair:6   | Received a gift from Okawaru
 19566 | Lair:6   | Slain by a catoblepas

Illustrated notes

Levels and vault maps discovered:
D:1:      dpeg_arrival_arbitrary_a, layout_loops_ring, serial_shops,
          nicolae_shop_advertising_works [nicolae_subvault_shop_adworks]
D:2:      layout_basic, ebering_ecumenical_altar_webs, basic_altar,
          minmay_misc_feat_doors, uniq_jessica
D:3:      layout_loops_ring, nicolae_overflow_ecumenical_swirl,
          grunt_nemelex_the_gamble
D:4:      layout_basic
D:5:      layout_cave_pods, kennysheep_generic_room_8
D:6:      layout_basic, gammafunk_ghost_grave,
          nicolae_concentric_dashed_squares_mild, grunt_ministairs_7
D:7:      layout_basic, minmay_temple_entry_butterflies, serial_shops,
          nicolae_square_shop, nicolae_take_the_stairs,
          chequers_serial_rivers_small_b, nicolae_shop_self_help, uniq_menkaure,
          uniq_maggie, uniq_pikel
D:8:      layout_layer_cave, serial_ice, serial_ice_m, serial_ice_o,
          serial_ice_e, serial_ice_i, serial_shops, nicolae_shop_waterfront,
          shop, nicolae_shop_window_shopping,
          nicolae_shop_competitors_out_of_business, nicolae_stop_n_shop_2
D:9:      layout_loops_ring, orc_david_3, gammafunk_ghost_abyssal_escape,
          hangedman_minor_magic
D:10:     layout_basic
D:11:     layout_basic, david_lair_shrubbed, st_stairs_5
D:12:     layout_rooms, uniq_urug, uniq_nergalle, uniq_gastronok
D:13:     layout_cave_pods, nicolae_trove_entry_path_of_doom
Temple:   mainiacjoe_temple_cubbyholes
Lair:1:   layout_regular_city, grunt_megastairs_3
Lair:2:   layout_regular_city, grunt_megastairs_5
Lair:3:   layout_gridlike, minmay_swamp_entry_swarm, gammafunk_ghost_icy,
          beast_lair_carwin_4
Lair:4:   layout_hall_layers, guppyfry_snake_entry_island, serial_bayou_shore_b
Lair:5:   layout_hall_layers, slime_altar_1, gammafunk_ghost_berserking_beasts,
          tgw_fedhas
Lair:6:   evilmike_catoblepas_cave, layout_misc_corridors, minivault_24,
          kennysheep_basilisk_garden

Skill      XL: |  1  2  3  4  5  6  7  8  9 10 11 12 13 14 |
---------------+-------------------------------------------+-----
Crossbows      | 5 6 7 8 9 10 12 14 16 17 18 | 18.7
Fighting       | 3 4 5 6 7 9 11 12 14 15 | 15.1
Armour         | 1 2 3 4 |  4.8
Stealth        | 1 2 3 4 |  4.8
Dodging        | 3 4 5 7 8 9 10 | 10.4
Short Blades   | 3 4 5 7 8 |  8.4
Long Blades    | 2 |  2.9
Throwing       | 1 |  1.3
Invocations    | 1 2 |  2.7

Action                   |  1- 3 |  4- 6 |  7- 9 | 10-12 | 13-15 || total
-------------------------+-------+-------+-------+-------+-------++-------
Melee: Short sword       |    11 |     8 |    41 |   111 |   242 ||   413
       Headbutt          |     2 |     1 |    16 |    29 |    73 ||   121
       Punch             |       |       |     1 |     2 |     9 ||    12
       Falchion          |       |       |    28 |       |       ||    28
 Fire: Hand crossbow     |    44 |   140 |   109 |       |       ||   293
       Arbalest          |       |       |    71 |   363 |   235 ||   669
Throw: Throwing net      |       |     2 |     2 |       |       ||     4
       Javelin           |       |       |       |     2 |     3 ||     5
Invok: Heroism           |       |       |       |     9 |    10 ||    19
  Use: Scroll            |     2 |     8 |       |    21 |     3 ||    34
       Potion            |       |       |       |       |     1 ||     1
Armor: Leather armour    |     6 |    11 |    23 |       |       ||    40
       Steam dragon scal |       |       |    34 |    76 |   190 ||   300
Dodge: Dodged            |    10 |    19 |    67 |   174 |   299 ||   569
